[Event "Team 45 45 League T51"]
[Site "Internet Chess Club"]
[Date "2011.11.29"]
[Round "3"]
[White "PandorasBox"]
[Black "pentti63"]
[Result "0-1"]
[WhiteElo "1928"]
[BlackElo "2243"]
[Opening "English, 1...Nf6 (Anglo-Indian defense)"]
[ECO "A13"]
[Time "15:00:21"]
[TimeControl "2700+45"]

1. c4 Nf6 2. g3 e6 3. Bg2 d5 4. Nf3 c6 5. Qc2 Nbd7 6. d4 Bd6 7. Nc3 O-O 8. O-O
dxc4 9. e4 e5 10. Rd1 Qe7 11. Bg5 h6 12. dxe5 Nxe5 13. Bxf6 Qxf6 14. Nxe5 Bxe5
15. Rac1 Bd4 16. Rd2 Be6 17. Rcd1 Rfd8 18. Kf1 Bg4 19. Re1 b5 20. Nd1 Bb6 21. e5
Qe6 22. Ne3 Rxd2 23. Qxd2 Rd8 24. Qc2 Bxe3 25. Rxe3 Rd1+ 26. Re1 Rxe1+ 27. Kxe1
Qxe5+ 28. Kf1 c5 29. Qd2 Qd4 {White resigns} 0-1

[Event "Team 45 45 League T51"]
[Site "Internet Chess Club"]
[Date "2011.12.03"]
[Round "3"]
[White "Y-ElGhazali"]
[Black "Uwak"]
[Result "0-1"]
[WhiteElo "2238"]
[BlackElo "2430"]
[Opening "English: Sicilian reversed"]
[ECO "A25"]
[Time "05:14:36"]
[TimeControl "2700+45"]

1. c4 e5 2. Nc3 Nc6 3. g3 f5 4. Bg2 Nf6 5. d3 Bc5 6. e3 d6 7. Nge2 O-O 8. O-O
Qe8 9. Nd5 Nxd5 10. cxd5 Ne7 11. d4 Bb6 12. dxe5 dxe5 13. a4 a5 14. d6 Nc6 15.
dxc7 Be6 16. Nc3 Bxc7 17. Nb5 Bb6 18. Bd2 Qe7 19. Qe2 Rad8 20. Rfc1 e4 21. Bc3
Bc5 22. Qc2 b6 23. Bf1 Qf7 24. Be1 Ne5 25. Be2 Nf3+ 26. Bxf3 exf3 27. Kh1 Bb3
28. Qb1 Qh5 29. Bc3 Bxe3 30. fxe3 f2 31. h4 Qf3+ 32. Kh2 Bd5 33. Rg1 fxg1=Q+ 34.
Qxg1 Qe2+ 35. Kh3 Bf3 36. h5 Bg2+ 37. Kh2 Bf1+ 38. Kh1 Qf3+ {White resigns} 0-1

[Event "Team 45 45 League T51"]
[Site "Internet Chess Club"]
[Date "2011.11.26"]
[Round "3"]
[White "searchforbobby1"]
[Black "M-Abotreka"]
[Result "1/2-1/2"]
[WhiteElo "2193"]
[BlackElo "2144"]
[Opening "Caro-Kann defense"]
[ECO "B10"]
[Time "19:01:01"]
[TimeControl "2700+45"]

1. e4 c6 2. Nf3 d5 3. d3 dxe4 4. dxe4 Qxd1+ 5. Kxd1 Bg4 6. Be2 Nd7 7. Nd4 Ngf6
8. Bxg4 Nxg4 9. Ke2 e5 10. Nb3 O-O-O 11. f3 Ngf6 12. Be3 b6 13. a4 a5 14. N1d2
Bd6 15. Nc4 Bc7 16. Rhd1 Kb7 17. Rd3 Nb8 18. Rad1 Rxd3 19. Rxd3 Nbd7 20. g4 Rd8
21. Na3 Nf8 22. c4 Rxd3 23. Kxd3 Ka6 24. Nb1 Ne6 25. Nc3 Nd7 26. Kc2 Bd6 27. Ne2
Ndc5 28. Nxc5+ Bxc5 29. Bd2 f6 30. b3 Kb7 31. Kd3 Kc7 32. Bc1 Kd7 {Game drawn by
mutual agreement} 1/2-1/2

[Event "Team 45 45 League T51"]
[Site "Internet Chess Club"]
[Date "2011.11.26"]
[Round "3"]
[White "frontier"]
[Black "boknoy"]
[Result "0-1"]
[WhiteElo "1942"]
[BlackElo "1882"]
[Opening "QGD Slav: Dutch variation"]
[ECO "D18"]
[Time "17:06:24"]
[TimeControl "2700+45"]

1. c4 c6 2. Nf3 d5 3. d4 Nf6 4. Nc3 dxc4 5. a4 Bf5 6. e3 e6 7. Bxc4 Bb4 8. O-O
O-O 9. e4 Nxe4 10. Nxe4 Bxe4 11. Be3 Nd7 12. Qb3 a5 13. Bxe6 Bxf3 14. Bxd7 Bd5
15. Qc2 Qxd7 16. f3 Rfe8 17. Bf4 Re6 18. h3 Rae8 19. Rf2 Be1 20. Rf1 Re2 21. Qd3
Bb4 22. Rf2 Qe6 23. Raf1 Bc4 24. Qd1 Re1 25. Rxe1 Bxe1 {White resigns} 0-1

[Event "Team 45 45 League T51"]
[Site "Internet Chess Club"]
[Date "2011.11.26"]
[Round "3"]
[White "loudoun"]
[Black "egyptiantiger"]
[Result "0-1"]
[WhiteElo "1619"]
[BlackElo "2180"]
[Opening "Sicilian: Grand Prix attack"]
[ECO "B23"]
[Time "16:26:37"]
[TimeControl "2700+45"]

1. e4 c5 2. Nc3 Nc6 3. f4 g6 4. Nf3 d6 5. Bb5 Bd7 6. Bxc6 Bxc6 7. d3 Bg7 8. O-O
e6 9. Qe2 Nf6 10. e5 dxe5 11. fxe5 Ng4 12. Bg5 Bxf3 13. Qxf3 Nxe5 14. Qxb7 Qd4+
15. Kh1 O-O 16. Rf4 Qd7 17. Qxd7 Nxd7 18. Rc4 Bd4 19. Ra4 Rfb8 20. Ne2 Bxb2 21.
Rb1 Bd4 22. Rc1 Bg7 23. Ra5 Rc8 24. Be3 a6 25. g3 h5 26. Rb1 c4 27. d4 Rc6 28.
Rb7 Nf6 29. Nf4 Rd8 30. Rc5 Rdc8 31. Rxc6 Rxc6 32. Nh3 Ne4 33. Rb8+ Kh7 34. Rb7
Nd6 35. Ng5+ Kg8 36. Rb8+ Rc8 37. Rxc8+ Nxc8 38. Ne4 Nb6 39. c3 Kf8 40. Nc5 a5
41. Bg5 Ke8 42. Nb7 a4 43. Nd6+ Kf8 44. Bd8 Nd5 45. Nxc4 Nxc3 46. Nb2 Bxd4
{White resigns} 0-1

[Event "Team 45 45 League T51"]
[Site "Internet Chess Club"]
[Date "2011.11.26"]
[Round "3"]
[White "easycure"]
[Black "HiddenDeath"]
[Result "1-0"]
[WhiteElo "2380"]
[BlackElo "1986"]
[Opening "QGD: exchange, positional line"]
[ECO "D35"]
[Time "21:51:29"]
[TimeControl "2700+45"]

1. d4 d5 2. c4 e6 3. Nc3 Nf6 4. cxd5 exd5 5. Bg5 Be7 6. Qc2 O-O 7. e3 b6 8. Bd3
Nbd7 9. Nf3 Bb7 10. O-O Ne4 11. Bf4 Ndf6 12. Rfd1 Nxc3 13. bxc3 h6 14. Ne5 Nh5
15. Bg3 Nxg3 16. hxg3 Bd6 17. f4 Qe7 18. Kf2 Rfe8 19. Rh1 Bxe5 20. dxe5 f6 21.
Bg6 Rf8 22. exf6 Rxf6 23. Rh5 Qd6 24. Bh7+ Kh8 25. g4 Qc5 26. Bf5 Re8 27. Re1
Rc6 28. g5 Qxc3 29. Qxc3 Rxc3 30. gxh6 gxh6 31. Rxh6+ Kg8 32. Rg6+ Kf7 33. Rh1
Rcxe3 34. Rh7+ Kf8 35. Rf6+ Kg8 36. Rxc7 R3e7 37. Rxe7 Rxe7 38. g4 Kg7 39. Rd6
Rc7 40. g5 Rf7 41. Rd7 Rxd7 42. Bxd7 Kg6 43. Ke3 Ba6 44. Kd4 Bc4 45. a3 b5 46.
Ke5 a5 47. Be8+ Kg7 48. f5 b4 49. axb4 axb4 50. f6+ Kf8 51. Bg6 b3 52. Bf5 b2
53. g6 d4 54. Kxd4 Bf7 55. gxf7 Kxf7 56. Ke5 Kf8 57. Bb1 Kf7 58. Ba2+ Kf8 59.
Ke6 Ke8 60. f7+ Kf8 61. Bb1 {Black resigns} 1-0

[Event "Team 45 45 League T51"]
[Site "Internet Chess Club"]
[Date "2011.12.04"]
[Round "3"]
[White "jorobo"]
[Black "gaibo4ever"]
[Result "0-1"]
[WhiteElo "1978"]
[BlackElo "2108"]
[Opening "King's Indian: orthodox, Aronin-Taimanov, 9.Ne1"]
[ECO "E98"]
[Time "10:12:22"]
[TimeControl "2700+45"]

1. c4 Nf6 2. Nc3 g6 3. d4 Bg7 4. e4 d6 5. Be2 O-O 6. Nf3 e5 7. O-O Nc6 8. d5 Ne7
9. Ne1 Nd7 10. Nd3 f5 11. Bd2 Kh8 12. Rc1 c5 13. dxc6 Nxc6 14. exf5 gxf5 15. f4
b6 16. Nd5 e4 17. Nf2 Bxb2 18. Bc3+ Bxc3 19. Rxc3 Nc5 20. Kh1 Be6 21. g4 Qd7 22.
Rg3 Bxd5 23. cxd5 Nd8 24. Qa1+ Qg7 25. Qxg7+ Kxg7 26. gxf5+ Kf6 27. Rg5 Nf7 28.
Ng4+ Ke7 29. Rg7 Nd7 30. Rxh7 Nf6 31. Nxf6 Kxf6 32. Bh5 Rac8 33. Re1 Rc4 34. Bg6
Nh8 35. Rxa7 Nxg6 36. fxg6 Kxg6 37. Rd7 Rf6 38. Rb7 Kf5 39. Rxb6 Rc2 40. Rb3 Rh6
41. h3 Rxa2 42. Rbe3 Ra4 43. Rf1 Rd4 44. Rg3 Rxd5 45. Rg5+ Ke6 46. Rxd5 Kxd5 47.
Kg2 Ke6 48. Kg3 Kf5 49. h4 d5 50. Rd1 Rg6+ 51. Kh3 Rd6 52. Kg3 d4 53. h5 d3 54.
Re1 Rd8 55. h6 Rg8+ 56. Kh4 d2 {White resigns} 0-1

[Event "Team 45 45 League T51"]
[Site "Internet Chess Club"]
[Date "2011.11.28"]
[Round "3"]
[White "Stryker672"]
[Black "chsrules88"]
[Result "1-0"]
[WhiteElo "2005"]
[BlackElo "1964"]
[Opening "Bishop's opening"]
[ECO "C23"]
[Time "20:01:09"]
[TimeControl "2700+45"]

1. e4 e5 2. Bc4 Nc6 3. Nc3 Bc5 4. Qg4 g6 5. Qf3 Nf6 6. Nge2 d6 7. h3 Be6 8. d3
h6 9. O-O Qe7 10. Bb5 a6 11. Bxc6+ bxc6 12. Be3 Bb6 13. d4 Bc4 14. Rfe1 g5 15.
b3 Be6 16. Na4 g4 17. hxg4 Bxg4 18. Qg3 Bxe2 19. Rxe2 Bxd4 20. Bxd4 exd4 21. e5
O-O-O 22. Qd3 dxe5 23. Qxa6+ Kd7 24. Rae1 Ng4 25. g3 h5 26. Qd3 Ke8 27. Qf5 f6
28. Nb2 Kf7 29. Nd3 Kg7 30. Nf4 Rdg8 31. Ng6 Qf7 32. Nxh8 Rxh8 33. Re4 Rd8 34.
a4 Qg6 35. Qe6 Rd6 36. Qe7+ Qf7 37. Qxf7+ Kxf7 38. Kg2 f5 39. Rxe5 Nxe5 40. Rxe5
Kf6 41. Rc5 Kg5 42. a5 d3 43. cxd3 Rxd3 44. Rxc6 Rxb3 45. f4+ Kg4 46. Rg6#
{Black checkmated} 1-0

[Event "Team 45 45 League T51"]
[Site "Internet Chess Club"]
[Date "2011.11.27"]
[Round "3"]
[White "CS-Attila"]
[Black "MikeA"]
[Result "1/2-1/2"]
[WhiteElo "1960"]
[BlackElo "2228"]
[Opening "QGD Slav: 4.e3"]
[ECO "D11"]
[Time "21:00:26"]
[TimeControl "2700+45"]

1. d4 d5 2. c4 c6 3. Nf3 Nf6 4. e3 e6 5. b3 c5 6. Bd3 cxd4 7. exd4 dxc4 8. bxc4
Nc6 9. Bb2 Qb6 10. Qb3 Qxb3 11. axb3 Nb4 12. Kd2 Bd6 13. Nc3 O-O 14. Bb1 Bd7 15.
Ne5 Rfd8 16. Nxd7 Rxd7 17. Ke2 Rad8 18. Nb5 Bb8 19. Na3 Nc6 20. Nc2 a6 21. h3
Ba7 {Game drawn by mutual agreement} 1/2-1/2

[Event "Team 45 45 League T51"]
[Site "Internet Chess Club"]
[Date "2011.11.24"]
[Round "3"]
[White "spacecadet"]
[Black "LAgenieMP"]
[Result "0-1"]
[WhiteElo "2106"]
[BlackElo "1899"]
[Opening "Scandinavian (center counter) defense"]
[ECO "B01"]
[Time "21:00:33"]
[TimeControl "2700+45"]

1. e4 d5 2. Nc3 d4 3. Nce2 c5 4. Ng3 e5 5. Nf3 f6 6. Nxe5 fxe5 7. Qh5+ Kd7 8.
Qxe5 Nc6 9. Bb5 Qe8 10. Qg5 h6 11. Qg4+ Kc7 12. Qe2 Nf6 13. d3 a6 14. Ba4 b5 15.
Bb3 Bd6 16. f4 Bg4 17. Qf2 c4 18. dxc4 Nxe4 19. Nxe4 Qxe4+ 20. Kf1 Rhf8 {White
resigns} 0-1

[Event "Team 45 45 League T51"]
[Site "Internet Chess Club"]
[Date "2011.11.26"]
[Round "3"]
[White "CaoCao"]
[Black "Terlizzi"]
[Result "1-0"]
[WhiteElo "1913"]
[BlackElo "1728"]
[Opening "Sicilian: Najdorf, Byrne (English) attack"]
[ECO "B90"]
[Time "22:00:53"]
[TimeControl "2700+45"]

1. e4 c5 2. Nf3 d6 3. d4 cxd4 4. Nxd4 Nf6 5. Nc3 a6 6. Be3 Ng4 7. Bg5 h6 8. Bh4
g5 9. Bg3 Bg7 10. h3 Ne5 11. Qd2 Nbc6 12. Nxc6 bxc6 13. Be2 Be6 14. Rb1 Qa5 15.
a4 Rd8 16. b4 Qb6 17. O-O d5 18. exd5 cxd5 19. a5 Qa7 20. b5 Nc4 21. Bxc4 dxc4
22. b6 Qb7 23. Qe1 Bf5 24. Be5 f6 25. Bc7 Bxc2 26. Bxd8 Bxb1 27. Qxb1 Kxd8 28.
Rd1+ Kc8 29. Qf5+ Kb8 30. Rd7 Qc8 31. Qd5 f5 32. Ra7 Bxc3 33. Qa8# {Black
checkmated} 1-0

[Event "Team 45 45 League T51"]
[Site "Internet Chess Club"]
[Date "2011.11.26"]
[Round "3"]
[White "AlexeiD"]
[Black "BlazekaMatej"]
[Result "1/2-1/2"]
[WhiteElo "2163"]
[BlackElo "2180"]
[Opening "Vienna game"]
[ECO "C28"]
[Time "08:00:19"]
[TimeControl "2700+45"]

1. e4 e5 2. Nc3 Nf6 3. Bc4 Nc6 4. d3 Na5 5. Bb3 Be7 6. Nge2 Nxb3 7. axb3 O-O 8.
O-O d5 9. exd5 Nxd5 10. Nxd5 Qxd5 11. Nc3 Qc6 12. f4 exf4 13. Bxf4 Bf6 14. Qf3
Qxf3 15. Rxf3 c6 16. Be3 a6 17. Rxf6 gxf6 18. Ne4 f5 19. Nf6+ Kg7 20. Nh5+ Kg6
21. Nf4+ Kg7 22. Nh5+ Kg6 23. Nf4+ Kg7 24. Nh5+ {Game drawn by repetition}
1/2-1/2

[Event "Team 45 45 League T51"]
[Site "Internet Chess Club"]
[Date "2011.11.29"]
[Round "3"]
[White "pluto"]
[Black "Catalog"]
[Result "1/2-1/2"]
[WhiteElo "2152"]
[BlackElo "2110"]
[Opening "King's Indian: orthodox, Aronin-Taimanov, 9.Ne1"]
[ECO "E98"]
[Time "21:01:46"]
[TimeControl "2700+45"]

1. d4 Nf6 2. c4 g6 3. Nc3 Bg7 4. e4 d6 5. Nf3 O-O 6. Be2 e5 7. O-O Nc6 8. d5 Ne7
9. Ne1 Nd7 10. Be3 f5 11. f3 f4 12. Bf2 g5 13. a4 a5 14. Nd3 Ng6 15. c5 Nf6 16.
cxd6 cxd6 17. Qb3 Kh8 18. Bb6 Qe7 19. Rfc1 g4 20. Nb5 Ne8 21. Ne1 g3 22. h3 Rg8
23. Bf1 Bf8 24. Nc7 Nxc7 25. Rxc7 Qg5 26. Qc2 Be7 27. Rc4 Nh4 28. Rc1 Bxh3 29.
gxh3 g2 30. Bxg2 Qg3 31. Kf1 Nxg2 32. Qxg2 Qh4 33. Qh2 Qh5 34. Bf2 Bh4 35. Bxh4
Qxh4 36. Rc7 Rg3 37. Rc8+ Rxc8 38. Rxc8+ Kg7 39. Rc7+ Kf6 40. Rd7 Rxh3 41. Rxd6+
Kf7 42. Qf2 Rh1+ 43. Ke2 Rh2 44. Ng2 Qh3 45. Kf1 Rh1+ 46. Ke2 Rh2 47. Kf1 Rh1+
{Game drawn by mutual agreement} 1/2-1/2

[Event "Team 45 45 League T51"]
[Site "Internet Chess Club"]
[Date "2011.11.26"]
[Round "3"]
[White "perikitosax"]
[Black "Pomberito"]
[Result "1/2-1/2"]
[WhiteElo "2012"]
[BlackElo "2077"]
[Opening "Nimzo-Indian: three knights variation"]
[ECO "E21"]
[Time "12:11:23"]
[TimeControl "2700+45"]

1. d4 Nf6 2. c4 e6 3. Nc3 Bb4 4. Nf3 c5 5. g3 Ne4 6. Qd3 Qa5 7. Qxe4 Bxc3+ 8.
Bd2 Bxd2+ 9. Nxd2 Nc6 10. dxc5 b6 11. Bg2 Bb7 12. Qf4 bxc5 13. O-O Nd4 14. Qg5
Nxe2+ 15. Kh1 Bxg2+ 16. Kxg2 O-O 17. Nb3 Qb6 18. Qxc5 Qxc5 19. Nxc5 Rfc8 20. Nb3
Rxc4 21. Rad1 Rc2 22. Rxd7 Rxb2 23. Rfd1 g5 24. Rc7 Rxa2 25. Rdd7 Rf8 26. Nd2 g4
27. Kf1 Nxg3+ 28. hxg3 Kg7 29. Rxa7 Rxa7 30. Rxa7 Kg6 31. Ke2 Rb8 32. Ke3 {Game
drawn by mutual agreement} 1/2-1/2

[Event "Team 45 45 League T51"]
[Site "Internet Chess Club"]
[Date "2011.11.27"]
[Round "3"]
[White "Petro8"]
[Black "carokantor"]
[Result "1-0"]
[WhiteElo "2024"]
[BlackElo "2011"]
[Opening "Caro-Kann: Tartakower (fantasy) variation"]
[ECO "B12"]
[Time "14:08:15"]
[TimeControl "2700+45"]

1. e4 c6 2. d4 d5 3. f3 e6 4. Nc3 Bb4 5. Bf4 Ne7 6. Ne2 O-O 7. a3 Ba5 8. Qd3 Bc7
9. Bxc7 Qxc7 10. O-O-O a6 11. g4 Nd7 12. Qe3 dxe4 13. fxe4 c5 14. d5 exd5 15.
exd5 Ng6 16. d6 Qd8 17. h4 Nxh4 18. Qh3 g5 19. Ng3 Nf6 20. Be2 b5 21. Nf5 Bxf5
22. gxf5 b4 23. Rhg1 bxc3 24. Rxg5+ Ng6 25. fxg6 fxg6 26. Qxc3 Qe8 27. Re5 Qa4
28. Bc4+ Kh8 29. Re6 Kg7 30. Rf1 {Black resigns} 1-0

[Event "Team 45 45 League T51"]
[Site "Internet Chess Club"]
[Date "2011.11.25"]
[Round "3"]
[White "Paulkov"]
[Black "chiiwen"]
[Result "1-0"]
[WhiteElo "2277"]
[BlackElo "2174"]
[Opening "Scandinavian: Pytel-Wade variation"]
[ECO "B01"]
[Time "20:03:43"]
[TimeControl "2700+45"]

1. e4 d5 2. exd5 Qxd5 3. Nc3 Qd6 4. d4 Nf6 5. Nf3 c6 6. Be3 Bg4 7. Bc4 e6 8. O-O
Nbd7 9. Re1 Be7 10. a3 O-O 11. h3 Bh5 12. Qe2 Rfe8 13. Rad1 Qc7 14. Bg5 h6 15.
Bh4 Rad8 16. Bd3 Nf8 17. g4 Bg6 18. Bg3 Bd6 19. Ne5 Bxd3 20. Rxd3 N8d7 21. f4 a6
22. Red1 b5 23. Kg2 c5 24. Qf3 b4 25. Nxd7 Nxd7 26. Ne4 c4 27. Re3 bxa3 28. bxa3
Nb6 29. Nxd6 Qxd6 30. f5 Qd7 31. fxe6 Rxe6 32. Rxe6 Qxe6 33. Bc7 Rd7 34. Bxb6
Qxb6 35. Qa8+ Kh7 36. Qe4+ g6 37. d5 Qc5 38. Qd4 Qb5 39. Kf3 Qa4 40. c3 Qxa3 41.
Qxc4 Qb2 42. d6 Qh2 43. Qf4 Qxh3+ 44. Qg3 Qxg3+ 45. Kxg3 Kg7 46. Kf4 Kf6 47. c4
Ke6 48. c5 Rd8 49. Ke4 f5+ 50. gxf5+ gxf5+ 51. Kd4 f4 52. Re1+ Kd7 53. Kd5 f3
54. c6+ Kc8 55. c7 {Black resigns} 1-0

[Event "Team 45 45 League T51"]
[Site "Internet Chess Club"]
[Date "2011.11.26"]
[Round "3"]
[White "Justi"]
[Black "MaartenKoning"]
[Result "0-1"]
[WhiteElo "2115"]
[BlackElo "2239"]
[Opening "Benkö gambit half accepted"]
[ECO "A57"]
[Time "09:23:39"]
[TimeControl "2700+45"]

1. d4 Nf6 2. c4 c5 3. d5 b5 4. cxb5 a6 5. f3 e6 6. e4 exd5 7. e5 Qe7 8. Qe2 Ng8
9. Nc3 Bb7 10. bxa6 Nxa6 11. Nb5 Qe6 12. f4 c4 13. Nf3 Bc5 14. Ng5 Qb6 15. Nd6+
Bxd6 16. exd6+ Kf8 17. Qh5 g6 18. Nxh7+ Kg7 19. Qe5+ Kxh7 20. f5 Nh6 21. Qf4
Nxf5 22. g4 Ng7 23. Be2 Rae8 24. h4 d4 25. h5 Bxh1 26. hxg6+ fxg6 27. Bd2 Qxb2
28. Qh6+ Kg8 29. Qxg6 Qxa1+ 30. Kf2 Rf8+ {White resigns} 0-1

[Event "Team 45 45 League T51"]
[Site "Internet Chess Club"]
[Date "2011.11.27"]
[Round "3"]
[White "universe"]
[Black "pmcglothin"]
[Result "1-0"]
[WhiteElo "2092"]
[BlackElo "1947"]
[Opening "Robatsch (modern) defense"]
[ECO "B06"]
[Time "12:04:05"]
[TimeControl "2700+45"]

1. e4 g6 2. d4 Bg7 3. Nc3 d6 4. Be3 Nf6 5. Qd2 Ng4 6. Bg5 h6 7. Bh4 Nd7 8. f3
Ngf6 9. O-O-O e5 10. dxe5 dxe5 11. Bf2 O-O 12. Bc4 c6 13. Bb3 Qa5 14. Nge2 Nc5
15. Bxc5 Qxc5 16. Qd6 Qxd6 17. Rxd6 Re8 18. Rhd1 Kf8 19. a4 a5 20. Nb1 h5 21.
Na3 Ke7 22. Nc4 Be6 23. Nxe5 Bxb3 24. cxb3 Rab8 25. Nc4 Ra8 26. Nc3 Bh6+ 27. Kc2
Kf8 28. Rxf6 {Black resigns} 1-0

[Event "Team 45 45 League T51"]
[Site "Internet Chess Club"]
[Date "2011.11.28"]
[Round "3"]
[White "PhaedrusZen"]
[Black "Seaborgium"]
[Result "0-1"]
[WhiteElo "1947"]
[BlackElo "1935"]
[Opening "Sicilian: Grand Prix attack"]
[ECO "B21"]
[Time "20:00:21"]
[TimeControl "2700+45"]

1. e4 c5 2. f4 Nc6 3. Nf3 Nf6 4. d3 d6 5. g3 g6 6. Bg2 Bg7 7. O-O O-O 8. Nbd2
Ng4 9. Nc4 b5 10. Ne3 Bxb2 11. Rb1 Bxc1 12. Qxc1 Nxe3 13. Qxe3 Rb8 14. f5 Kg7
15. fxg6 hxg6 16. e5 Be6 17. exd6 Qxd6 18. Ng5 Bd5 19. c4 bxc4 20. Rxb8 Nxb8 21.
Bxd5 Qxd5 22. Qxe7 cxd3 23. Nh7 Rh8 24. Nf6 Qd4+ 25. Kg2 Qc4 26. Ne8+ Rxe8 27.
Qxe8 Qd5+ 28. Kg1 Nd7 29. Qe3 Ne5 {White resigns} 0-1

[Event "Team 45 45 League T51"]
[Site "Internet Chess Club"]
[Date "2011.11.26"]
[Round "3"]
[White "eurander"]
[Black "Jack-ONeill"]
[Result "0-1"]
[WhiteElo "2164"]
[BlackElo "2062"]
[Opening "Scandinavian (center counter) defense"]
[ECO "B01"]
[Time "11:02:23"]
[TimeControl "2700+45"]

1. e4 d5 2. exd5 Qxd5 3. Nc3 Qa5 4. a3 c6 5. b4 Qc7 6. Bb2 Nf6 7. d4 Bf5 8. Nf3
e6 9. Bd3 Bg4 10. h3 Bh5 11. b5 Be7 12. Qe2 O-O 13. Qe3 Nbd7 14. O-O Rfe8 15.
Rfe1 c5 16. Nd2 cxd4 17. Qxd4 Nc5 18. Be2 Rad8 19. Qe3 Bg6 20. Rac1 Bd6 21. g3
Bxg3 22. fxg3 Rxd2 23. Qxd2 Qxg3+ 24. Kf1 Qxh3+ 25. Kg1 Qg3+ 26. Kf1 Bf5 27. Bd1
Bh3+ 28. Ke2 Qg2+ 29. Ke3 Nd5+ {White resigns} 0-1

[Event "Team 45 45 League T51"]
[Site "Internet Chess Club"]
[Date "2011.11.27"]
[Round "3"]
[White "Kolibri"]
[Black "vnchess"]
[Result "0-1"]
[WhiteElo "1998"]
[BlackElo "2121"]
[Opening "Sicilian: Hungarian variation"]
[ECO "B27"]
[Time "13:01:22"]
[TimeControl "2700+45"]

1. e4 c5 2. Nf3 g6 3. c3 Nf6 4. e5 Nd5 5. d4 cxd4 6. cxd4 Nc6 7. Bc4 Nb6 8. Bb3
Bg7 9. Bf4 O-O 10. Qd2 d6 11. exd6 exd6 12. h3 Re8+ 13. Be3 Qf6 14. O-O Bxh3 15.
Bg5 Qf5 16. Nh4 Qg4 17. Bd1 Qxd4 18. Qxd4 Bxd4 19. Nc3 Bxc3 20. bxc3 Be6 21. Bf3
Kg7 22. g3 f6 23. Bc1 Bd5 24. Bd1 Bc4 25. Bf3 Bxf1 26. Kxf1 d5 27. Rb1 Re7 28.
Ba3 Rd7 29. Ng2 Ne5 30. Be2 Rc8 31. f4 Nec4 32. Bc1 Na4 33. Rb3 Nc5 {White
resigns} 0-1

[Event "Team 45 45 League T51"]
[Site "Internet Chess Club"]
[Date "2011.11.27"]
[Round "3"]
[White "SlimeDog2"]
[Black "baumhauer"]
[Result "1-0"]
[WhiteElo "2090"]
[BlackElo "1837"]
[Opening "English: Queens Indian formation"]
[ECO "A05"]
[Time "14:02:56"]
[TimeControl "2700+45"]

1. Nf3 Nf6 2. c4 e6 3. Nc3 b6 4. g3 Ba6 5. b3 c5 6. Bg2 Bb7 7. O-O Be7 8. Re1 d5
9. cxd5 Nxd5 10. Bb2 O-O 11. Nxd5 exd5 12. d4 Bf6 13. Qd2 Nd7 14. a4 Rc8 15.
Rac1 Qe7 16. Ba3 Rfe8 17. Bh3 Red8 18. Rc2 Rc7 19. Rec1 Nf8 20. dxc5 Rc6 21.
cxb6 {Black resigns} 1-0

[Event "Team 45 45 League T51"]
[Site "Internet Chess Club"]
[Date "2011.11.25"]
[Round "3"]
[White "justice02"]
[Black "Egmont"]
[Result "1-0"]
[WhiteElo "1781"]
[BlackElo "1740"]
[Opening "Queen's pawn game"]
[ECO "A50"]
[Time "09:01:52"]
[TimeControl "2700+45"]

1. c4 Nf6 2. d4 c6 3. Nc3 d5 4. c5 Bf5 5. Nf3 e6 6. b4 Be7 7. Bf4 Nbd7 8. e3 Nh5
9. Bg3 Nxg3 10. hxg3 Nf6 11. Nh4 Ne4 12. Nxf5 Nxc3 13. Qc2 Ne4 14. Nxg7+ Kf8 15.
Nh5 f5 16. f3 Nxg3 17. Nxg3 Bh4 18. Qf2 Qg5 19. Rxh4 Qxh4 20. Ne2 Qe7 21. Nc3 e5
22. O-O-O b6 23. Bd3 exd4 24. exd4 Rg8 25. g4 Qg5+ 26. Kb2 fxg4 27. fxg4+ Kg7
28. Rh1 h6 29. Qh2 Rac8 30. Bf5 Rce8 31. Qc7+ Re7 32. Qxc6 Qd2+ 33. Bc2 Qg5 34.
Nxd5 Re2 35. Qd7+ {Black resigns} 1-0

[Event "Team 45 45 League T51"]
[Site "Internet Chess Club"]
[Date "2011.11.24"]
[Round "3"]
[White "JWB"]
[Black "ScotchYeti"]
[Result "1/2-1/2"]
[WhiteElo "1646"]
[BlackElo "1681"]
[Opening "English: symmetrical, hedgehog system"]
[ECO "A30"]
[Time "14:00:35"]
[TimeControl "2700+45"]

1. Nf3 Nf6 2. c4 c5 3. Nc3 b6 4. g3 Bb7 5. Bg2 e6 6. O-O Be7 7. d3 d5 8. cxd5
Nxd5 9. Bd2 O-O 10. Rc1 Nc6 11. a3 Rc8 12. Nxd5 exd5 13. e3 Bf6 14. Qc2 Qd7 15.
Qb1 Rfe8 16. Rfe1 Ne5 17. Nxe5 Bxe5 18. Bc3 Bxc3 19. Rxc3 d4 20. Bxb7 Qxb7 21.
exd4 cxd4 22. Rxc8 Qxc8 23. Qc1 Rxe1+ 24. Qxe1 Qd7 25. Qe4 {Game drawn by mutual
agreement} 1/2-1/2

[Event "Team 45 45 League T51"]
[Site "Internet Chess Club"]
[Date "2011.11.25"]
[Round "3"]
[White "elessar"]
[Black "rayngrant"]
[Result "1/2-1/2"]
[WhiteElo "1582"]
[BlackElo "1562"]
[Opening "Ruy Lopez: exchange, Keres variation"]
[ECO "C68"]
[Time "18:02:07"]
[TimeControl "2700+45"]

1. e4 e5 2. Nf3 Nc6 3. Bb5 a6 4. Bxc6 dxc6 5. Nc3 Bg4 6. d3 Qf6 7. h3 Bxf3 8.
Qxf3 Qxf3 9. gxf3 Nf6 10. f4 exf4 11. Bxf4 O-O-O 12. O-O-O Nh5 13. Be3 Bb4 14.
Ne2 Be7 15. Ng3 g6 16. Nxh5 gxh5 17. Rdg1 Rhg8 18. f3 Rg6 19. Rxg6 hxg6 20. Rg1
Rg8 21. Kd2 Kd7 22. Ke2 Ke6 23. f4 f5 24. Kf3 c5 25. b3 b5 26. e5 c6 27. c4 a5
28. Rc1 b4 29. Rd1 Rd8 30. Ke2 Rg8 31. Rg1 g5 32. fxg5 Kxe5 33. h4 f4 34. Bf2
Kf5 35. Kf3 Rg6 36. Rd1 Bf8 37. d4 cxd4 38. Rxd4 Bd6 39. Rd1 Re6 40. Re1 Rxe1
41. Bxe1 Bc5 42. Bd2 Bd6 43. Be1 {Game drawn by mutual agreement} 1/2-1/2

[Event "Team 45 45 League T51"]
[Site "Internet Chess Club"]
[Date "2011.11.28"]
[Round "3"]
[White "BenjaminSisko"]
[Black "cepheid"]
[Result "0-1"]
[WhiteElo "1461"]
[BlackElo "1548"]
[Opening "Sicilian: closed"]
[ECO "B23"]
[Time "20:30:19"]
[TimeControl "2700+45"]

1. e4 c5 2. Nc3 g6 3. f4 Bg7 4. Nf3 Nc6 5. Bb5 Nd4 6. O-O e6 7. d3 Ne7 8. Nxd4
cxd4 9. Ne2 O-O 10. Qe1 d5 11. e5 f6 12. exf6 Bxf6 13. Ba4 Nf5 14. Kh1 Bd7 15.
Bb3 a5 16. a4 Bc6 17. Ng1 Qe7 18. Nf3 Rfe8 19. Bd2 Qc7 20. Qf2 Ne3 21. Bxe3 dxe3
22. Qxe3 Bxb2 23. Rae1 Qd6 24. Ne5 Bxe5 25. Qxe5 Qxe5 26. Rxe5 Kf7 27. Rfe1 Rac8
28. Kg1 b6 29. c4 Rcd8 30. Kf2 dxc4 31. dxc4 Rd2+ 32. R1e2 Rd3 33. R5e3 Rxe3 34.
Kxe3 Kf6 35. Kd4 Rd8+ 36. Kc3 Bd7 37. Re5 Rc8 38. Kd4 Ke7 39. g4 Kd6 40. c5+
bxc5+ 41. Kc4 Bc6 42. Kc3 Bd5 43. Bc2 Rb8 44. h4 Rb4 45. Rg5 Rxf4 46. h5 Rf3+
47. Kb2 gxh5 48. Rxh5 Rf4 49. g5 Be4 50. Bb3 Bg6 51. Rh2 c4 52. Rd2+ Kc5 53. Bd1
Rd4 54. Re2 Rxd1 {White resigns} 0-1

[Event "Team 45 45 League T51"]
[Site "Internet Chess Club"]
[Date "2011.11.28"]
[Round "3"]
[White "Ayensa80"]
[Black "Dracoac"]
[Result "0-1"]
[WhiteElo "1711"]
[BlackElo "1697"]
[Opening "Sicilian: Scheveningen variation"]
[ECO "B80"]
[Time "15:30:20"]
[TimeControl "2700+45"]

1. e4 c5 2. Nf3 e6 3. d4 cxd4 4. Nxd4 Nf6 5. Nc3 d6 6. Bg5 Be7 7. f4 Nc6 8. Nb3
O-O 9. Qf3 a6 10. O-O-O Qc7 11. g4 b5 12. Bxf6 Bxf6 13. g5 Be7 14. h4 Bd7 15. f5
Ne5 16. Qf4 Rfc8 17. f6 b4 18. Rh3 Bf8 19. h5 bxc3 20. Rxc3 Qb6 21. Rg3 a5 22.
fxg7 Bxg7 23. g6 fxg6 24. hxg6 Nxg6 25. Qxd6 Qxd6 26. Rxd6 Rc7 27. Bh3 Nf4 28.
Bg4 h5 29. Bf3 Kh8 30. Kd2 Bxb2 31. Rg5 Bf6 32. Rxa5 Bc3+ 33. Ke3 Bxa5 34. Kxf4
h4 35. e5 Rf8+ 36. Kg4 Rc4+ 37. Nd4 Bc3 38. Rxd7 Rxd4+ 39. Rxd4 Bxd4 40. Be4
Bxe5 41. Kxh4 Rf4+ {White resigns} 0-1